 Dungeon Crawl Stone Soup version 0.31-a0-664-g902f515a81 (console) character file.

Game seed: 12658669381450819470

3339 jejorda2 the Cleaver (level 10, -7/66 (80) HPs)
             Began as a Gnoll Berserker on Sept 2, 2023.
             Was a Believer of Trog.
             Mangled by an orc knight
             ... wielding a +0 halberd
              (19 damage)
             ... in a bailey.
             The game lasted 00:20:22 (8100 turns).

jejorda2 the Cleaver (Gnoll Berserker)              Turns: 8100, Time: 00:20:24

HP:   -7/66 (80)    AC: 18    Str: 21    XL:     10   Next: 2%
MP:   17/17         EV:  8    Int:  6    God:    Trog [**....]
Gold: 334           SH:  0    Dex: 12    Spells: 18/18 levels left

rFire   . . .        a - +0 war axe (heavy)
rCold   . . .        (no shield)
rNeg    + . .        z - +0 plate armour
rPois   .            (no helmet)
rElec   .            h - +0 cloak
rCorr   .            A - +2 pair of gloves
SInv    +            k - +0 pair of boots
Will    .....        (no amulet) Stlth
                     n - ring of see invisible
HPRegen 0.31/turn    B - ring of positive energy
MPRegen 0.15/turn

%: no passive effects
@: on berserk cooldown, slowed, heavily drained, very slow
A: fangs 1, strong nose, distributed training
a: Renounce Religion, Berserk, Trog's Hand


You were in a bailey.
You worshipped Trog.
Trog was pleased with you.
You visited 1 branch of the dungeon, and saw 7 of its levels.
You also visited: Ossuary and Bailey.

You collected 334 gold pieces.

Inventory:

Hand Weapons
 a - a +0 heavy war axe (weapon)
 b - a +2 hand axe of flaming
 m - a +0 war axe
 F - a +2 halberd of draining
Missiles
 e - 9 boomerangs (quivered)
 g - 3 curare-tipped darts
 s - 21 poisoned darts
Armour
 h - a +0 cloak (worn)
 k - a +0 pair of boots (worn)
 y - a +0 chain mail
 z - a +0 plate armour (worn)
 A - a +2 pair of gloves (worn)
Jewellery
 j - a ring of resist corrosion
 n - a ring of see invisible (left hand)
 v - a ring of protection from fire
 B - a ring of positive energy (right hand)
Wands
 f - a wand of digging (8)
 p - a wand of polymorph (6)
Scrolls
 c - a scroll of vulnerability
 d - a scroll of identify
 l - 2 scrolls of fear
 o - a scroll of immolation
 u - 2 scrolls of blinking
 w - a scroll of fog
 D - a scroll of teleportation
Potions
 i - a potion of attraction
 q - 5 potions of mutation
 r - 3 potions of enlightenment
 t - 2 potions of berserk rage
 x - a potion of heal wounds
 C - 5 potions of curing
 E - a potion of magic {unknown}
 G - a potion of resistance {unknown}


   Skills:
 + Level 8.3 Fighting
 + Level 4.9 Short Blades
 + Level 4.9 Long Blades
 + Level 8.3 Axes
 + Level 4.9 Maces & Flails
 + Level 4.9 Polearms
 + Level 4.9 Staves
 + Level 4.9 Ranged Weapons
 + Level 4.9 Throwing
 + Level 6.8 Armour
 + Level 6.8 Dodging
 + Level 4.9 Stealth
 + Level 4.9 Shields
 + Level 4.9 Unarmed Combat
 + Level 4.9 Spellcasting
 + Level 4.0 Conjurations
 + Level 4.0 Hexes
 + Level 4.0 Summonings
 + Level 4.0 Necromancy
 + Level 4.0 Translocations
 + Level 4.0 Transmutations
 + Level 4.0 Fire Magic
 + Level 4.0 Ice Magic
 + Level 4.0 Air Magic
 + Level 4.0 Earth Magic
 + Level 4.0 Poison Magic
 + Level 5.4 Invocations
 + Level 4.9 Evocations
 + Level 4.4 Shapeshifting


You had 18 spell levels left.
You didn't know any spells.
Your spell library was empty.

Dungeon Overview and Level Annotations

Branches:
Dungeon (7/15)            Ossuary (visited)          Bailey (1/1)
 Temple: D:4-7

Altars:
Cheibriados
Dithmenos
Zin

Annotations:
D:7 3 runed translucent doors


Innate Abilities, Weirdness & Mutations

You have very sharp teeth.
Your uncanny sense of smell can sniff out nearby items.
Your experience applies equally to all skills.


Message History

The gnoll hits you but does no damage. You partially resist.
You slash the orc knight!
The orc knight is lightly wounded.
The orc knight hits you with a +0 halberd.
The gnoll closely misses you.
You slash the orc knight! Your punch misses the orc knight.
The orc knight is moderately wounded.
You feel the effects of Trog's Hand fading.
The orc knight hits you with a +0 halberd!!
The gnoll hits you but does no damage. You partially resist.
The gnoll hits you from afar with a +1 halberd of draining!
You partially resist.
You feel drained.
The orc knight hits you with a +0 halberd!
You hit the orc knight.
The orc knight is moderately wounded.
You are no longer berserk.
You are exhausted.
You feel yourself slow down.
The orc knight hits you with a +0 halberd.
The gnoll hits you but does no damage. You partially resist.
You miss the orc knight.
The orc knight is moderately wounded.
The orc knight misses you. The gnoll barely misses you.
The gnoll hits you from afar with a +1 halberd of draining.
You partially resist.
You feel drained.
The orc knight hits you but does no damage.
Unknown command.
You barely miss the orc knight.
The orc knight is moderately wounded.
Your skin stops crawling.
You feel less strong-willed.
The orc knight hits you with a +0 halberd!
The gnoll hits you from afar with a +1 halberd of draining.
You partially resist.
You feel drained. The gnoll closely misses you.
The orc knight hits you with a +0 halberd.
* * * LOW HITPOINT WARNING * * *
The gnoll hits you from afar with a +1 halberd of draining!
* * * LOW HITPOINT WARNING * * *
You partially resist.
You feel drained.
The orc knight hits you with a +0 halberd!!
You die...

#.#.###.###)#
+##+
+###'##'##'##
#!.! ∆
##.....##
#.!.!
#.....###
+!.⌠.∆
+..⌠..'.# !.!.
#.....### ∆
∆g!# ##.....##
#'###'##'##'##
#go@###.###.#
##### ### ###


You could see an orc knight and a gnoll.

Vanquished Creatures
  Prince Ribbit (D:7)
  Grinder (D:3)
  Duvessa (D:7)
  2 water moccasins (D:6)
  An ice beast (D:6)
  An orc warrior (D:7)
  A black bear (D:5)
  2 ogres (D:5)
  A centaur (D:6)
  5 elf zombies (Ossuary)
  A bullfrog (D:6)
  3 scorpions
  4 wights (D:7)
  Dowan (D:7)
  3 howler monkeys (D:7)
  2 centaur zombies (Ossuary)
  5 orc priests
  3 hounds
  5 human zombies (Ossuary)
  7 iguanas
  2 sleepcaps
  Natasha (thrice) (D:3)
  4 orc wizards
  3 mummies (Ossuary)
  8 gnolls (Bailey)
  9 adders
  3 white imps
  An ufetubus (D:7)
  A worm (D:4)
  5 dart slugs
  28 orcs
  5 bats (D:2)
  4 endoplasms
  7 giant cockroaches
  5 goblins
  2 hobgoblins
  7 jackals
  8 kobolds
  6 quokkas
  7 ball pythons
  A frilled lizard (D:2)
  4 rats
173 creatures vanquished.

Notes
Turn   | Place    | Note
-------+----------+-------------------------------------------
     0 | D:1      | jejorda2 the Gnoll Berserker began the quest for the Orb.
     0 | D:1      | Reached XP level 1. HP: 23/23 MP: 1/1
   246 | D:1      | Reached XP level 2. HP: 29/29 MP: 2/2
   260 | D:1      | Found a faded altar of an unknown god.
   891 | D:2      | Reached XP level 3. HP: 35/35 MP: 2/4
  1012 | D:2      | Reached skill level 1 in Invocations
  1375 | D:2      | Found a shadowy altar of Dithmenos.
  2346 | D:2      | Found a shadowy altar of Dithmenos.
  2719 | D:3      | Reached skill level 1 in Short Blades
  2719 | D:3      | Reached skill level 1 in Long Blades
  2719 | D:3      | Reached skill level 1 in Maces & Flails
  2719 | D:3      | Reached skill level 1 in Polearms
  2719 | D:3      | Reached skill level 1 in Staves
  2719 | D:3      | Reached skill level 1 in Ranged Weapons
  2719 | D:3      | Reached skill level 1 in Throwing
  2719 | D:3      | Reached skill level 1 in Stealth
  2719 | D:3      | Reached skill level 1 in Shields
  2719 | D:3      | Reached skill level 1 in Unarmed Combat
  2719 | D:3      | Reached skill level 1 in Spellcasting
  2719 | D:3      | Reached skill level 1 in Evocations
  2720 | D:3      | Reached XP level 4. HP: 41/41 MP: 5/5
  2724 | D:3      | Reached skill level 1 in Shapeshifting
  2803 | D:3      | Reached skill level 1 in Conjurations
  2803 | D:3      | Reached skill level 1 in Hexes
  2803 | D:3      | Reached skill level 1 in Summonings
  2803 | D:3      | Reached skill level 1 in Necromancy
  2803 | D:3      | Reached skill level 1 in Translocations
  2803 | D:3      | Reached skill level 1 in Transmutations
  2803 | D:3      | Reached skill level 1 in Fire Magic
  2803 | D:3      | Reached skill level 1 in Ice Magic
  2803 | D:3      | Reached skill level 1 in Air Magic
  2803 | D:3      | Reached skill level 1 in Earth Magic
  2803 | D:3      | Reached skill level 1 in Poison Magic
  2976 | D:3      | Reached ** piety under Trog
  3008 | D:3      | Reached XP level 5. HP: 47/47 MP: 5/7
  3109 | D:3      | Noticed Natasha
  3116 | D:3      | Killed Natasha
  3358 | D:3      | Noticed Natasha
  3484 | D:3      | Killed Natasha
  3596 | D:3      | Noticed Natasha
  3601 | D:3      | Killed Natasha
  3602 | D:3      | Reached XP level 6. HP: 53/53 MP: 8/8
  3698 | D:3      | Noticed Grinder
  3706 | D:3      | Killed Grinder
  3707 | D:3      | Reached skill level 5 in Armour
  3707 | D:3      | Reached skill level 5 in Dodging
  3991 | D:4      | Reached XP level 7. HP: 45/59 MP: 10/10
  4437 | D:3      | HP: 3/60 [poisoned by a scorpion]
  4633 | D:4      | Identified the staff of Truncation {rF+ Int+4 Fire}
  4777 | D:4      | Found a glowing silver altar of Zin.
  4778 | D:4      | Noticed an angel
  4956 | D:5      | Entered Level 5 of the Dungeon
  5151 | D:5      | Reached XP level 8. HP: 67/67 MP: 12/12
  5270 | D:5      | Found a sand-covered staircase.
  5275 | Ossuary  | Entered an ossuary
  6110 | D:5      | Reached XP level 9. HP: 73/73 MP: 14/14
  6339 | D:6      | Found a snail-covered altar of Cheibriados.
  7659 | D:7      | Noticed Prince Ribbit
  7667 | D:7      | Reached skill level 5 in Invocations
  7673 | D:7      | Noticed Duvessa
  7676 | D:7      | Killed Prince Ribbit
  7676 | D:7      | Noticed Dowan
  7689 | D:7      | Killed Dowan
  7691 | D:7      | Killed Duvessa
  7750 | D:7      | Found a runed translucent gate.
  7751 | D:7      | Found a runed translucent gate.
  7751 | D:7      | Noticed a polar bear
  7751 | D:7      | Noticed a death yak
  7752 | D:7      | Found a runed translucent gate.
  7752 | D:7      | Noticed a manticore
  7752 | D:7      | Noticed a death yak
  7753 | D:7      | Noticed a death yak
  7868 | D:7      | Found a flagged portal.
  7886 | Bailey   | Entered a bailey
  7943 | Bailey   | Reached XP level 10. HP: 77/77 MP: 17/17
  8006 | Bailey   | Reached *** piety under Trog
  8084 | Bailey   | Noticed an orc knight
  8100 | Bailey   | Mangled by an orc knight

Illustrated notes

Levels and vault maps discovered:
D:1:      psy_arrival_fountain, layout_loops_ring, basic_ecumenical_altar
D:2:      layout_loops_ring, serial_co_window_serial, co_window_paths_b,
          co_window_paths_a, co_window_corner_a, co_window_corner_a,
          co_window_corner_a, co_window_of_opportunity_b, co_window_corner_b,
          co_window_corner_b, co_window_of_opportunity_c,
          co_window_unsneaky_path_a, co_window_paths_e, glass_columns_b,
          glass_columns_a, glass_columns_b, basic_altar
D:3:      layout_basic, grunt_ministairs_3, palyth_stone_intersect,
          uniq_grinder, uniq_natasha
D:4:      layout_cave_pools, zin_angel, minmay_checkerbox
D:5:      layout_gridville, enter_ossuary_2
D:6:      layout_loops_corners, mainiacjoe_overflow_24_doors,
          corexii_leaking_fountain, nicolae_underground_beach
D:7:      lemuel_bear_cage, layout_basic, minmay_temple_entry_stoned_glass,
          serial_shops, nicolae_lakefront_shop, enter_bailey_5,
          kennysheep_decorative_pillar, uniq_duvessa, uniq_prince_ribbit1
Bailey:   bailey_polearm_nasty_gnolls, bailey

Skill      XL: |  1  2  3  4  5  6  7  8  9 |
---------------+----------------------------+-----
Invocations    | 1 2 3 4 5 |  5.4
Short Blades   | 1 2 3 4 |  4.9
Long Blades    | 1 2 3 4 |  4.9
Maces & Flails | 1 2 3 4 |  4.9
Polearms       | 1 2 3 4 |  4.9
Staves         | 1 2 3 4 |  4.9
Ranged Weapons | 1 2 3 4 |  4.9
Throwing       | 1 2 3 4 |  4.9
Stealth        | 1 2 3 4 |  4.9
Shields        | 1 2 3 4 |  4.9
Unarmed Combat | 1 2 3 4 |  4.9
Spellcasting   | 1 2 3 4 |  4.9
Evocations     | 1 2 3 4 |  4.9
Shapeshifting  | 1 2 3 4 |  4.4
Conjurations   | 1 2 3 4 |  4.0
Hexes          | 1 2 3 4 |  4.0
Summonings     | 1 2 3 4 |  4.0
Necromancy     | 1 2 3 4 |  4.0
Translocations | 1 2 3 4 |  4.0
Transmutations | 1 2 3 4 |  4.0
Fire Magic     | 1 2 3 4 |  4.0
Ice Magic      | 1 2 3 4 |  4.0
Air Magic      | 1 2 3 4 |  4.0
Earth Magic    | 1 2 3 4 |  4.0
Poison Magic   | 1 2 3 4 |  4.0
Armour         | 5 6 |  6.8
Dodging        | 5 6 |  6.8
Fighting       | 7 8 |  8.3
Axes           | 7 8 |  8.3

Action                     |  1- 3 |  4- 6 |  7- 9 | 10-12 || total
---------------------------+-------+-------+-------+-------++-------
  Melee: Hand axe          |   113 |   124 |   354 |       ||   591
         Bite              |     8 |    11 |    44 |       ||    63
         Punch             |     1 |     2 |    13 |       ||    16
         War axe           |       |       |    57 |    24 ||    81
  Throw: Boomerang         |       |       |     4 |       ||     4
 Invoke: Berserk           |     1 |     5 |     9 |     1 ||    16
         Trog's Hand       |       |     1 |     7 |     1 ||     9
Ability: Begin Untransform |       |       |     1 |       ||     1
  Evoke: Wand              |       |       |       |     1 ||     1
    Use: Scroll            |       |       |    17 |       ||    17
         Potion            |       |       |     2 |       ||     2
   Stab: Sleeping          |       |       |     1 |       ||     1
 Armour: Leather armour    |    59 |    31 |       |       ||    90
         Animal skin       |     1 |       |       |       ||     1
         Ring mail         |       |    46 |   128 |       ||   174
         Chain mail        |       |       |   135 |       ||   135
         Plate armour      |       |       |     4 |    45 ||    49
  Dodge: Dodged            |    92 |    57 |   217 |    23 ||   389
   Form: Beast             |       |       |     1 |       ||     1

Table legend: (Time is in decaauts)
 A = Elapsed time spent in this place.
 B = Non-inter-level travel time spent in this place.
 C = Inter-level travel time spent in this place.
 D = Time resting spent in this place.
 E = Time spent auto-exploring this place.
 F = Levels seen in this place.
 G = Mean time per level.
                   A        B        C        D        E       F      G
               +--------+--------+--------+--------+--------+-----+--------+
         Total |   8185 |   7961 |    224 |    775 |   5322 |   9 |  909.4 |
       Dungeon |   7576 |   7352 |    224 |    775 |   4972 |   7 | 1082.3 |
       Ossuary |    383 |    383 |      0 |      0 |    231 |   1 |  383.0 |
        Bailey |    226 |    226 |      0 |      0 |    119 |   1 |  226.0 |
               +--------+--------+--------+--------+--------+-----+--------+

Top non-repeatable levels by time:
     D:2: 2132 daAuts
     D:3: 1575 daAuts
     D:6: 1328 daAuts
     D:5: 971 daAuts
     D:4: 682 daAuts
     D:1: 606 daAuts
 Ossuary: 383 daAuts
     D:7: 280 daAuts
  Bailey: 226 daAuts
